 Dungeon Crawl Stone Soup version 0.30-a0-739-gea05faddec (webtiles) character file.

Game seed: 14440284158032684902

4744 Newt the Thrower (level 10, 0/79 HPs)
             Began as a Demonspawn Gladiator on Feb 4, 2023.
             Was an Elder of Okawaru.
             Slain by Psyche
             ... wielding a +1 dagger of chaos
              (2 damage)
             ... while petrified by Psyche
             ... on level 8 of the Dungeon.
             The game lasted 00:10:37 (7612 turns).

Newt the Thrower (Demonspawn Gladiator)             Turns: 7612, Time: 00:10:37

Health: 0/79       AC: 11    Str: 18    XL:     10   Next: 22%
Magic:  6/17       EV:  2    Int: 17    God:    Okawaru [****..]
Gold:   340        SH:  0    Dex: 14    Spells: 16/19 levels left

rFire   + . .      SeeInvis .    e - +2 flail (protect)
rCold   . . .      Faith    .    h - orb {light}
rNeg    + + +      Spirit   .    D - +2 robe {rF+}
rPois   ∞          Reflect  .    c - +0 helmet
rElec   .          Harm     .    (no cloak)
rCorr   .          Rampage  .    x - +1 pair of gloves
Will    .....                    H - +2 pair of boots
Stlth   +                        (no amulet)
HPRegen 0.33/turn                v - +6 ring of intelligence
MPRegen 0.15/turn                (no ring)

@: petrified, glowing, studying Ranged Weapons
A: powered by pain 1, spiny 2, sharp scales 1, weakness stinger 1
a: Renounce Religion, Heroism, Finesse


You were on level 8 of the Dungeon.
You worshipped Okawaru.
Okawaru was greatly pleased with you.
You visited 1 branch of the dungeon, and saw 8 of its levels.

You collected 400 gold pieces.
You spent 60 gold pieces at shops.

Inventory:

Hand Weapons
 a - a +0 rapier
 e - a +2 flail of protection (weapon)
 m - a +2 dagger of protection
 r - a +3 flail
 t - a +4 rapier of distortion
Missiles
 i - 4 silver javelins
 n - 5 curare-tipped darts
 s - 19 poisoned darts
 z - 4 atropa-tipped darts
 J - 4 stones (quivered)
 K - 2 silver boomerangs
Armour
 b - a +0 leather armour
 c - a +0 helmet (worn)
 f - a +0 pair of boots
 h - an orb of light (worn)
 x - a +1 pair of gloves (worn)
 D - a +2 robe of fire resistance (worn)
 H - a +2 pair of boots (worn)
Jewellery
 q - a ring of flight
 v - a +6 ring of intelligence (left hand)
 w - a ring of ice
Wands
 y - a wand of flame (7)
Scrolls
 k - a scroll of blinking
 p - a scroll of immolation
 G - a scroll of magic mapping
Potions
 d - a potion of might
 g - a potion of heal wounds
 j - a potion of degeneration
 l - a potion of flight
 o - a potion of cancellation
 u - a potion of ambrosia
 A - a potion of berserk rage
 C - a potion of resistance {unknown}
 E - 2 potions of lignification {unknown}
 F - 5 potions of curing
 L - a potion of attraction {unknown}
 M - a potion of haste {unknown}
Miscellaneous
 I - a piece from Xom's chessboard (15/15)


   Skills:
 - Level 7.0 Fighting
 - Level 2.6 Short Blades
 - Level 8.0 Throwing
 - Level 2.6 Dodging
 - Level 1.5 Stealth
 - Level 5.0 Spellcasting
 - Level 5.0 Hexes
 - Level 5.0 Fire Magic
 + Level 5.1 Invocations


You had 16 spell levels left.
You knew the following spells:

 Your Spells              Type           Power      Damage    Failure   Level
a - Inner Flame           Hex/Fire       21%        N/A       5%          3

Your spell library contained the following spells:

 Spells                   Type           Power      Damage    Failure   Level
 Ensorcelled Hibernation  Hex/Ice        24%        N/A       8%          2
 Apportation              Tloc           8%         N/A       14%         1
 Stone Arrow              Conj/Erth      8%         3d7       38%         3
 Flame Wave               Conj/Fire      12%        2d6       45%         4
 Sticky Flame             Conj/Fire      12%        2d4       45%         4
 Petrify                  Tmut/Erth      4%         N/A       80%         4
 Alistair's Intoxication  Tmut/Pois      2%         N/A       98%         5
 Lehudib's Crystal Spear  Conj/Erth      2%         10d2      100%        8
 Animate Armour           Summ/Erth      Unusable   N/A       N/A         4

Dungeon Overview and Level Annotations

Branches:
Dungeon (8/15)             Temple (0/1) D:4
   Lair: D:8-11

Altars:
Okawaru
Ru
Uskayaw

Shops:
D:4 *

Annotations:
D:8 Psyche


Innate Abilities, Weirdness & Mutations

You sometimes gain a little power by taking damage.
You are mostly covered in sharp spines.
You are partially covered in razor-sharp scales. (AC +1, Slay +1)
You have a small tail.


Message History

You throw a silver javelin.
The silver javelin barely misses the orc wizard.
The silver javelin closely misses the orc.
You are engulfed in blazing flames.
You resist.
* * * LOW HITPOINT WARNING * * *
An orc priest comes into view.
It is wielding a +0 club and wearing a +0 ring mail of fire resistance.
Psyche casts a spell.
A swirling arc of seething chaos appears!
The arc of chaos hits you!
You are slowing down.
You hear some strange, mumbled words.
Something tries to affect you, but you resist.
You hear some strange, mumbled words.
A swirling arc of seething chaos appears!
An arc of chaos appears from out of thin air!
The arc of chaos hits you.
You are poisoned.
Your limbs are stiffening.
Unknown command.
You feel better.
You have turned to stone.
Psyche is struck by your spines.
Psyche hits you with a +1 dagger of chaos.
* * * LOW HITPOINT WARNING * * *
Psyche hits you but does no damage.
Psyche cries.
Psyche is struck by your spines.
Psyche hits you with a +1 dagger of chaos.
* * * LOW HITPOINT WARNING * * *
Psyche hits you with a +1 dagger of chaos.
You are electrocuted!!
* * * LOW HITPOINT WARNING * * *
Psyche hits you with a +1 dagger of chaos.
* * * LOW HITPOINT WARNING * * *
Psyche zaps a wand.
You suddenly lose the ability to move!
Psyche zaps a wand.
You shrug off the repeated paralysis!
The orc warrior is struck by your spines.
The orc warrior barely misses you.
An orc priest comes into view. It is wielding a +0 hand axe.
Psyche hits you with a +1 dagger of chaos.
You die...

##.#
#####..# #
#......# #
#......# #
#...#.## #.
. ##.#..#
#.. ...
#.#..# #..
....# #..#
....
.....†#o@#
#.##.
......>o@#
..
....>.oo##
......)))
.#.....o(.
....#..)##o
.#.###.o)
.. #. ..##
.. . ## o#
###


You could see Psyche (invisible), an orc warrior, 2 orc priests, an orc wizard
and 2 orcs.

Vanquished Creatures
  A gargoyle (D:7)
  A troll (D:6)
  Sigmund (D:5)
  A vampire (D:5)
  A wyvern (D:7)
  Eustachio (D:4)
  A steam dragon (D:8)
  A vampire mosquito (D:7)
  Edmund (D:4)
  An acid dragon (D:5)
  A water moccasin (D:5)
  An orc warrior (D:8)
  4 ice beasts
  A sky beast (D:8)
  2 black bears
  2 centaurs
  An ogre (D:5)
  A kobold brigand (D:7)
  A necrophage (D:5)
  3 bullfrogs
  6 scorpions
  A wight (D:5)
  4 killer bees (D:8)
  3 howler monkeys
  7 orc priests
  4 hounds
  A gnoll bouda (D:7)
  2 jellies
  4 iguanas (D:5)
  10 orc wizards
  12 gnolls
  11 adders
  An ufetubus (D:5)
  4 dart slugs
  28 orcs
  A bat (D:2)
  3 endoplasms
  4 giant cockroaches
  5 goblins
  5 hobgoblins
  2 jackals (D:1)
  4 quokkas
  3 ball pythons
  5 frilled lizards
  11 kobolds
  4 rats
172 creatures vanquished.

Notes
Turn   | Place    | Note
-------+----------+-------------------------------------------
     0 | D:1      | Newt the Demonspawn Gladiator began the quest for the Orb.
     0 | D:1      | Reached XP level 1. HP: 16/16 MP: 1/1
   234 | D:1      | Reached skill level 1 in Stealth
   320 | D:1      | Gained mutation: You have a small tail. [demonic ancestry]
   320 | D:1      | Reached XP level 2. HP: 9/22 MP: 2/2
   841 | D:2      | Gained mutation: You sometimes gain a little power by
                  | taking damage. [demonic ancestry]
   841 | D:2      | Reached XP level 3. HP: 29/29 MP: 3/3
  1471 | D:3      | Found an iron altar of Okawaru.
  1518 | D:3      | Became a worshipper of Warmaster Okawaru
  2071 | D:4      | Reached XP level 4. HP: 32/37 MP: 4/4
  2198 | D:4      | Found Vix Wemo's Serpentskin Sales.
  2202 | D:4      | Reached skill level 2 in Throwing
  2226 | D:4      | Bought 3 curare-tipped darts for 36 gold pieces
  2226 | D:4      | Bought 4 poisoned darts for 24 gold pieces
  2364 | D:4      | Noticed a black bear
  2376 | D:4      | Killed a black bear
  2377 | D:4      | Reached skill level 3 in Throwing
  2377 | D:4      | Reached XP level 5. HP: 22/42 MP: 5/5
  2476 | D:4      | Noticed Edmund
  2502 | D:4      | Killed Edmund
  2502 | D:4      | Reached * piety under Okawaru
  2503 | D:4      | Reached skill level 4 in Throwing
  2503 | D:4      | Reached XP level 6. HP: 24/48 MP: 6/6
  2604 | D:4      | Noticed Eustachio
  2620 | D:4      | Killed Eustachio
  2621 | D:4      | Reached skill level 5 in Throwing
  2919 | D:4      | Gained mutation: You are partially covered in razor-sharp
                  | scales. (AC +1, Slay +1) [demonic ancestry]
  2919 | D:4      | Reached XP level 7. HP: 31/54 MP: 7/7
  3300 | D:4      | Found a staircase to the Ecumenical Temple.
  3306 | D:4      | Reached skill level 6 in Throwing
  3563 | D:5      | Entered Level 5 of the Dungeon
  3750 | D:5      | Noticed a vampire
  3769 | D:5      | Killed a vampire
  3769 | D:5      | Reached ** piety under Okawaru
  3770 | D:5      | Reached skill level 7 in Throwing
  3855 | D:5      | Reached skill level 8 in Throwing
  3855 | D:5      | Gained mutation: You are partially covered in sharp spines.
                  | [demonic ancestry]
  3855 | D:5      | Reached XP level 8. HP: 32/60 MP: 7/9
  3940 | D:5      | Reached skill level 1 in Spellcasting
  3996 | D:5      | Noticed Sigmund
  4003 | D:5      | Killed Sigmund
  4004 | D:5      | Reached skill level 1 in Hexes
  4004 | D:5      | Reached skill level 1 in Fire Magic
  4253 | D:5      | Learned a level 3 spell: Inner Flame
  4402 | D:5      | Reached *** piety under Okawaru
  5047 | D:5      | Gained mutation: You are mostly covered in sharp spines.
                  | [demonic ancestry]
  5047 | D:5      | Reached XP level 9. HP: 65/65 MP: 14/14
  5591 | D:6      | Noticed a troll
  5599 | D:6      | Killed a troll
  5896 | D:6      | Got the Textbook on Shivering Reformation
  6118 | D:6      | Found a sacrificial altar of Ru.
  6177 | D:6      | Reached **** piety under Okawaru
  6449 | D:7      | Reached skill level 5 in Hexes
  6460 | D:7      | Noticed a gargoyle
  6470 | D:7      | Killed a gargoyle
  6471 | D:7      | Reached skill level 5 in Spellcasting
  6471 | D:7      | Reached skill level 5 in Fire Magic
  6529 | D:7      | Reached skill level 5 in Fighting
  7010 | D:7      | Found a hide-covered altar of Uskayaw.
  7013 | D:7      | Received a gift from Okawaru
  7014 | D:7      | Reached XP level 10. HP: 75/77 MP: 10/17
  7506 | D:8      | Reached skill level 1 in Invocations
  7599 | D:8      | Noticed Psyche
  7601 | D:8      | Reached skill level 5 in Invocations
  7610 | D:8      | HP: 1/79 [Psyche/+1 dagger of chaos (3)]
  7610 | D:8      | Paralysed by Psyche for 2 turns
  7612 | D:8      | Slain by Psyche

Illustrated notes

Levels and vault maps discovered:
D:1:      minmay_arrival_widening_spiral_narrow, layout_rooms
D:2:      layout_basic
D:3:      layout_loops_ring, mainiacjoe_overflow_concentric_impassable,
          grunt_decor_junction, nrook_mini_backslash,
          chequers_serial_rivers_marsh
D:4:      layout_loops_corners, minmay_temple_entry_proselytizer,
          guppyfry_shop_venom, uniq_eustachio, uniq_edmund
D:5:      minmay_diamond_boxcup, layout_basic, minmay_manual_mullet,
          uniq_sigmund
D:6:      layout_basic, gammafunk_temple_overflow_elements,
          hellmonk_bongcloud_opening
D:7:      layout_rooms, nicolae_uskayaw_dance_studio, minmay_manual_monstrance
D:8:      layout_rooms, lemuel_crystal_altar, nicolae_overflow_hidden_temple,
          uniq_psyche

Skill      XL: |  1  2  3  4  5  6  7  8  9 10 |
---------------+-------------------------------+-----
Stealth        | 1 |  1.5
Fighting       | 3 4 6 7 |  7.0
Throwing       | 3 4 5 8 |  8.0
Spellcasting   | 3 5 |  5.0
Hexes          | 3 5 |  5.0
Fire Magic     | 3 5 |  5.0
Invocations    | 5 |  5.1
Short Blades   | |  2.6
Dodging        | |  2.6

Action                     |  1- 3 |  4- 6 |  7- 9 | 10-12 || total
---------------------------+-------+-------+-------+-------++-------
  Melee: Rapier            |   119 |       |       |       ||   119
         Tailslap          |    11 |    12 |    25 |       ||    48
         Dagger            |    15 |    43 |       |       ||    58
         Flail             |       |    18 |   152 |    15 ||   185
  Throw: Dart              |       |    10 |     2 |       ||    12
         Javelin           |       |     5 |    13 |     2 ||    20
         Throwing net      |       |       |     3 |       ||     3
         Stone             |       |       |    30 |     9 ||    39
   Cast: Inner Flame       |       |       |    17 |     8 ||    25
    Use: Scroll            |     6 |     1 |     5 |     2 ||    14
         Potion            |       |       |     3 |     1 ||     4
   Stab: Sleeping          |     3 |       |       |       ||     3
         Held in net/web   |       |       |     3 |       ||     3
 Armour: Leather armour    |    49 |    33 |    30 |       ||   112
         Robe              |       |       |    45 |     9 ||    54
  Dodge: Dodged            |    98 |    50 |    96 |    17 ||   261

Table legend: (Time is in decaauts)
 A = Elapsed time spent in this place.
 B = Non-inter-level travel time spent in this place.
 C = Inter-level travel time spent in this place.
 D = Time resting spent in this place.
 E = Time spent auto-exploring this place.
 F = Levels seen in this place.
 G = Mean time per level.
                   A        B        C        D        E       F      G
               +--------+--------+--------+--------+--------+-----+--------+
         Total |   7712 |   7398 |    314 |   1038 |   5205 |   8 |  964.0 |
       Dungeon |   7712 |   7398 |    314 |   1038 |   5205 |   8 |  964.0 |
               +--------+--------+--------+--------+--------+-----+--------+

Top non-repeatable levels by time:
     D:5: 2047 daAuts
     D:4: 1506 daAuts
     D:7: 985 daAuts
     D:6: 884 daAuts
     D:2: 725 daAuts
     D:3: 695 daAuts
     D:1: 649 daAuts
     D:8: 219 daAuts
